 Dungeon Crawl Stone Soup version 0.27-a0-1612-gde56a17b89 (webtiles) character file.

Game seed: 9817098664142684968

452 MovingMist the Skirmisher (level 7, -1/44 HPs)
             Began as a Gargoyle Fighter on July 22, 2021.
             Slain by a gnoll (12 damage)
             ... on level 5 of the Dungeon.
             The game lasted 00:04:33 (3276 turns).

MovingMist the Skirmisher (Gargoyle Fighter)        Turns: 3276, Time: 00:04:33

Health: -1/44      AC: 12    Str: 19    XL:     7   Next: 5%
Magic:  7/7        EV:  8    Int:  9    God:
Gold:   255        SH:  9    Dex: 11    Spells: 6/6 levels left

rFire    . . .     SeeInvis +   p - +0 short sword (elec)
rCold    . . .     Faith    .   c - +0 kite shield
rNeg     + . .     Spirit   .   b - +0 scale mail
rPois    ∞         Reflect  .   (no helmet)
rElec    +         Harm     .   (no cloak)
rCorr    .         Rampage  .   (no gloves)
Will     .....                  (no boots)
Stlth    ..........             k - amulet of regeneration
HPRegen  1.14/turn              o - ring of see invisible
MPRegen  0.10/turn              (no ring)

@: no status effects
A: sickness immunity, AC +4, negative energy resistance 1, electricity
resistance, torment resistance 1, petrification resistance
a: no special abilities


You were on level 5 of the Dungeon.
You visited 1 branch of the dungeon, and saw 5 of its levels.

You collected 255 gold pieces.

Inventory:

Hand Weapons
 a - a +0 flail
 p - a +0 short sword of electrocution (weapon)
Armour
 b - a +0 scale mail (worn)
 c - a +0 kite shield (worn)
Jewellery
 g - a ring of protection from fire
 k - an amulet of regeneration (around neck)
 o - a ring of see invisible (left hand)
Wands
 r - a wand of charming (5)
Scrolls
 f - 2 scrolls of torment {unknown}
 i - 2 scrolls of fear {unknown}
 j - 2 scrolls of acquirement {unknown}
 m - 2 scrolls of enchant armour {unknown}
 u - a scroll of teleportation {unknown}
 w - a scroll of fog {unknown}
Potions
 d - 2 potions of might
 e - 3 potions of flight
 h - a potion of haste
 l - a potion of attraction
 n - a potion of curing {unknown}
 q - a potion of heal wounds {unknown}
 s - a potion of lignification {unknown}
 t - a potion of brilliance {unknown}
 v - 2 potions of mutation {unknown}


   Skills:
 + Level 4.8 Fighting
 + Level 3.6 Maces & Flails
 + Level 4.6 Armour
 * Level 3.5 Dodging
 - Level 3.2 Shields


You had 6 spell levels left.
You didn't know any spells.
Your spell library contained the following spells:

 Spells                   Type           Power      Damage    Failure   Level
 Summon Small Mammal      Summ           0%         N/A       99%         1
 Call Canine Familiar     Summ           0%         N/A       100%        3
 Summon Guardian Golem    Hex/Summ       0%         N/A       100%        3


Dungeon Overview and Level Annotations

Branches:
Dungeon (5/15)
 Temple: D:4-7

Altars:
Elyvilon
Trog
Uskayaw


Innate Abilities, Weirdness & Mutations

You are immune to sickness and miasma.
Your stone body is resilient. (AC +4)
You are immune to poison.
You resist negative energy. (rN+)
You are resistant to electric shocks. (rElec)
You are resistant to unholy torment.
You are immune to petrification.


Message History

You have reached level 7!
You block the gnoll's attack. The gnoll hits you but does no damage.
You block the ufetubus's attack. The ufetubus hits you.
The ufetubus barely misses you. You block the ufetubus's attack.
You see here a +0 mace.
The ufetubus hits you but does no damage. x2
You hit the ufetubus. Lightning courses through the ufetubus!
You kill the ufetubus!
The gnoll completely misses you. The gnoll hits you but does no damage.
Your shield prevents you from hitting the gnoll.
The gnoll hits you from afar with a +0 halberd of protection.
You block the gnoll's attack. The gnoll hits you but does no damage.
The gnoll barely misses you. The gnoll hits you but does no damage.
You barely miss the gnoll. You block the gnoll's attack.
The gnoll hits you from afar with a +0 halberd of protection.
You block the gnoll's attack.
You closely miss the gnoll. You block the gnoll's attack. x2
The gnoll barely misses you. The gnoll hits you but does no damage.
You hit the gnoll. Lightning courses through the gnoll!
You kill the gnoll!
You block the gnoll's attack.
The gnoll hits you from afar with a +0 halberd.
You block the gnoll's attack. The gnoll barely misses you.
The gnoll hits you with a +0 halberd of protection.
The gnoll hits you with a +0 halberd!
You see here a +0 club.
You hit the gnoll but do no damage. You block the gnoll's attack.
The gnoll hits you with a +0 halberd.
You hit the gnoll but do no damage.
The gnoll hits you but does no damage. x2
You barely miss the gnoll.
The gnoll hits you with a +0 halberd of protection.
The gnoll hits you with a +0 halberd!
* * * LOW HITPOINT WARNING * * *
The gnoll barely misses you. The gnoll closely misses you.
You hit the gnoll but do no damage. The gnoll barely misses you. x2
You hit the gnoll.
The gnoll is lightly wounded.
The gnoll hits you but does no damage. The gnoll hits you with a +0 halberd!
You die...

.######.#########.##..######
.........########.##..#
.######..........[....######
#####.#####...####....
#.####...###.....###....
........................
#####...##......###....
##.#####...## #.... ##@##
##.## ###.# #gg.# ### #.#
#...# #.# ####...#### #.#.
#.........### ###.###
#...........# ..# #
#....)....#.# ###. ##
##.#...#### # #.#. #.#....
#..


You could see 2 gnolls.

Vanquished Creatures
  A black bear (D:4)
  A scorpion (D:4)
  2 hounds
  A centaur skeleton (D:4)
  9 gnolls
  3 adders
  An ufetubus (D:5)
  2 adder skeletons
  A dart slug (D:1)
  7 orcs
  6 ball pythons
  6 endoplasms
  5 giant cockroaches
  8 goblins
  2 hobgoblins
  2 jackals (D:2)
  11 kobolds
  3 quokkas
  6 bats
  A frilled lizard (D:1)
  22 rats
100 creatures vanquished.

Notes
Turn   | Place    | Note
-------+----------+-------------------------------------------
     0 | D:1      | MovingMist the Gargoyle Fighter began the quest for the
                  | Orb.
     0 | D:1      | Reached XP level 1. HP: 14/14 MP: 1/1
   315 | D:1      | Reached XP level 2. HP: 19/19 MP: 2/2
   539 | D:1      | Reached skill level 1 in Dodging
  1015 | D:1      | Reached XP level 3. HP: 16/23 MP: 3/3
  1550 | D:2      | Found a hide-covered altar of Uskayaw.
  1901 | D:3      | Reached XP level 4. HP: 24/29 MP: 4/4
  2502 | D:4      | Noticed a scorpion
  2507 | D:4      | Killed a scorpion
  2508 | D:4      | Reached XP level 5. HP: 32/33 MP: 5/5
  2650 | D:4      | Reached XP level 6. HP: 39/39 MP: 6/6
  2775 | D:4      | Found a white marble altar of Elyvilon.
  2778 | D:4      | Noticed a black bear
  2789 | D:4      | Killed a black bear
  3109 | D:5      | Entered Level 5 of the Dungeon
  3114 | D:5      | Found a bloodstained altar of Trog.
  3260 | D:5      | Reached XP level 7. HP: 44/44 MP: 7/7
  3276 | D:5      | Slain by a gnoll

Illustrated notes

Levels and vault maps discovered:
D:1:      kennysheep_arrival_seaside, layout_loops_corners
D:2:      layout_rooms, basic_altar
D:3:      layout_rooms, minmay_rat_hole
D:4:      layout_basic, elyvilon_altar_1
D:5:      layout_loops_ring, kennysheep_mini, minmay_fire_ice_demons

Skill      XL: |  1  2  3  4  5  6 |
---------------+-------------------+-----
Dodging        | 1 2 3 |  3.5
Fighting       | 4 |  4.8
Armour         | 4 |  4.6
Maces & Flails | 3 |  3.6
Shields        | |  3.2

Action                   |  1- 3 |  4- 6 |  7- 9 || total
-------------------------+-------+-------+-------++-------
Melee: Flail             |   125 |    64 |       ||   189
       Short sword       |       |   110 |    10 ||   120
Throw: Throwing net      |       |     1 |       ||     1
  Use: Scroll            |       |     3 |       ||     3
Armor: Scale mail        |    73 |    95 |    10 ||   178
Dodge: Dodged            |    31 |    92 |     9 ||   132
Block: Kite shield       |    51 |   124 |    11 ||   186

Table legend: (Time is in decaauts)
 A = Elapsed time spent in this place.
 B = Non-inter-level travel time spent in this place.
 C = Inter-level travel time spent in this place.
 D = Time resting spent in this place.
 E = Time spent auto-exploring this place.
 F = Levels seen in this place.
 G = Mean time per level.
                   A        B        C        D        E       F      G
               +--------+--------+--------+--------+--------+-----+--------+
         Total |   3413 |   3341 |     72 |    343 |   2253 |   5 |  682.6 |
       Dungeon |   3413 |   3341 |     72 |    343 |   2253 |   5 |  682.6 |
               +--------+--------+--------+--------+--------+-----+--------+

Top non-repeatable levels by time:
     D:1: 1573 daAuts
     D:3: 669 daAuts
     D:4: 628 daAuts
     D:2: 360 daAuts
     D:5: 181 daAuts
